HSSL
JOHN JAY HS PATRIOTS @ SPANISH FORK HS
06/03/2024
 
TOP OF THE 1ST
John Jay HS Patriots batting - Pitching for Spanish Fork HS : RHP Patrick Curtis
Pitching: RHP Patrick Curtis
Batting: SHB Theodore Cook 0-0: Called Strike
0-1: Ball
1-1: Called Strike
1-2: Ball
2-2: Foul Ball, location: 2F
2-2: Ball
3-2: Strikes out swinging
Batting: RHB Carlos Salas 0-0: Foul Ball, location: 2F
0-1: SINGLE (Groundball, 56D)
Batting: RHB Esteban Concepción 0-0: Ball
Carlos Salas steals 2nd base
1-0: Called Strike
Carlos Salas steals 3rd base
1-1: Ball
2-1: Foul Ball, location: 2F
2-2: Ground out 6-3 (Groundball, 6)
Carlos Salas scores
Batting: RHB Micheal Banks 0-0: Called Strike
0-1: Ball
1-1: Ball
2-1: SINGLE (Groundball, 6MD)
Batting: RHB Marlon Hernández 0-0: Swinging Strike
0-1: Called Strike
0-2: Foul Ball, location: 2F
0-2: Ball
1-2: Foul Ball, location: 2F
1-2: Strikes out swinging
Top of the 1st over - 1 run(s), 2 hit(s), 0 error(s), 1 left on base; John Jay HS 1 - Spanish Fork HS 0
BOTTOM OF THE 1ST
Spanish Fork HS batting - Pitching for John Jay HS Patriots : RHP Dusty Smith
Pitching: RHP Dusty Smith
Batting: RHB Ron Newcombe 0-0: Foul Ball, location: 2F
0-1: Fly out, F8 (Line Drive, 8RM)
Batting: RHB Gary Roberts 0-0: Called Strike
0-1: Swinging Strike
0-2: Foul Ball, location: 2F
0-2: Foul Ball, location: 2F
0-2: Strikes out looking
Batting: RHB Javier Ortíz 0-0: Ball
1-0: Ball
2-0: Called Strike
2-1: Ground out 1-3 (Groundball, 13)
Bottom of the 1st over - 0 run(s), 0 hit(s), 0 error(s), 0 left on base; John Jay HS 1 - Spanish Fork HS 0
TOP OF THE 2ND
John Jay HS Patriots batting - Pitching for Spanish Fork HS : RHP Patrick Curtis
Batting: RHB Jason Taylor 0-0: Called Strike
0-1: Ball
1-1: DOUBLE (Line Drive, 7LM)
Batting: RHB Robert Porter 0-0: Ball
1-0: Fly out, F8 (Flyball, 8LM)
Batting: LHB Tim Griffith 0-0: Called Strike
0-1: Ball
1-1: Foul Ball, location: 2F
1-2: Ball
2-2: Ball
3-2: Base on Balls
Batting: SHB Karl Webster 0-0: Reached on error, E5 (Groundball, 5S)
Jason Taylor scores
Tim Griffith to third
Batting: SHB Theodore Cook 0-0: SINGLE (Line Drive, 3D)
Tim Griffith scores
Karl Webster to third
Batting: RHB Carlos Salas 0-0: Called Strike
0-1: Ball
1-1: Ball
2-1: Ball
3-1: Fly out, F7 (Flyball, 7M)
Runner from 3rd tags up, SCORES, throw made
Batting: RHB Esteban Concepción 0-0: Called Strike
0-1: Ground out 5-3 (Groundball, 5)
Top of the 2nd over - 3 run(s), 2 hit(s), 1 error(s), 1 left on base; John Jay HS 4 - Spanish Fork HS 0
BOTTOM OF THE 2ND
Spanish Fork HS batting - Pitching for John Jay HS Patriots : RHP Dusty Smith
Batting: RHB Jim Jones 0-0: Foul Ball, location: 2F
0-1: Ball
1-1: Foul Ball, location: 2F
1-2: Foul Ball, location: 2F
1-2: Ball
2-2: Strikes out swinging, 2-3 out at first.
Batting: RHB Steve Meyers 0-0: Ball
1-0: Fly out, F8 (Flyball, 8RM)
Batting: RHB Ray Hernández 0-0: Reached on error, E6 (Groundball, 6)
Batting: LHB Mal Jiménez 0-0: Fly out, F9 (Flyball, 9LM)
Bottom of the 2nd over - 0 run(s), 0 hit(s), 1 error(s), 1 left on base; John Jay HS 4 - Spanish Fork HS 0
TOP OF THE 3RD
John Jay HS Patriots batting - Pitching for Spanish Fork HS : RHP Patrick Curtis
Batting: RHB Micheal Banks 0-0: Swinging Strike
0-1: Ball
1-1: Reached on error, E1 (Groundball, 25)
Batting: RHB Marlon Hernández 0-0: SINGLE (Groundball, 56)
Micheal Banks to second
Batting: RHB Jason Taylor 0-0: Called Strike
0-1: Ball
1-1: Fly out, F2 (Popup, 25F)
Batting: RHB Robert Porter 0-0: Foul Ball, location: 2F
0-1: Ground out 5-3 (Groundball, 56S)
Micheal Banks to third
Marlon Hernández to second
Batting: LHB Tim Griffith 0-0: Ground out 4-3 (Groundball, 4M)
Top of the 3rd over - 0 run(s), 1 hit(s), 1 error(s), 2 left on base; John Jay HS 4 - Spanish Fork HS 0
BOTTOM OF THE 3RD
Spanish Fork HS batting - Pitching for John Jay HS Patriots : RHP Dusty Smith
Batting: RHB Mike Holloway 0-0: Called Strike
0-1: Called Strike
0-2: SOLO HOME RUN (Flyball, 7D), Distance : 374 ft
Batting: RHB Patrick Curtis 0-0: Ball
1-0: Ball
2-0: Called Strike
2-1: Swinging Strike
2-2: Strikes out swinging
Batting: RHB Ron Newcombe 0-0: Called Strike
0-1: Called Strike
0-2: Strikes out looking
Batting: RHB Gary Roberts 0-0: Called Strike
0-1: Called Strike
0-2: Ball
1-2: Ball
2-2: Ball
3-2: Ground out 6-3 (Groundball, 6M)
Bottom of the 3rd over - 1 run(s), 1 hit(s), 0 error(s), 0 left on base; John Jay HS 4 - Spanish Fork HS 1
TOP OF THE 4TH
John Jay HS Patriots batting - Pitching for Spanish Fork HS : RHP Patrick Curtis
Batting: SHB Karl Webster 0-0: SINGLE (Groundball, 34D)
Batting: SHB Theodore Cook 0-0: Ball
1-0: Ball
2-0: Ball
3-0: Base on Balls
Karl Webster to second
Batting: RHB Carlos Salas 0-0: Foul Ball, location: 2F
0-1: SINGLE (Groundball, 6M)
Karl Webster to third
Theodore Cook to second
Batting: RHB Esteban Concepción 0-0: Ball
1-0: Ball
2-0: Ball
3-0: Base on Balls
Karl Webster scores
Theodore Cook to third
Carlos Salas to second
Batting: RHB Micheal Banks 0-0: Foul Ball, location: 2F
0-1: Ball
1-1: Ball
2-1: Ball
3-1: Base on Balls
Theodore Cook scores
Carlos Salas to third
Esteban Concepción to second
Batting: RHB Marlon Hernández 0-0: SINGLE (Line Drive, 6M)
Carlos Salas scores
Esteban Concepción to third
Micheal Banks to second
Batting: RHB Jason Taylor 0-0: Ball
1-0: Called Strike
1-1: Foul Ball, location: 2F
1-2: Fly out, F4 (Popup, 4MD)
Batting: RHB Robert Porter 0-0: Foul Ball, location: 2F
0-1: Called Strike
0-2: Ball
1-2: Ball
2-2: Ball
3-2: Strikes out swinging
Pitching: RHP Steve Nelson
Batting: LHB Tim Griffith 0-0: Ball
1-0: Swinging Strike
1-1: Foul Ball, location: 2F
1-2: Foul Ball, location: 2F
1-2: Fly out, F7 (Flyball, 7M)
Top of the 4th over - 3 run(s), 3 hit(s), 0 error(s), 3 left on base; John Jay HS 7 - Spanish Fork HS 1
BOTTOM OF THE 4TH
Spanish Fork HS batting - Pitching for John Jay HS Patriots : RHP Dusty Smith
Batting: RHB Javier Ortíz 0-0: Ground out 1-3 (Groundball, 15S)
Batting: RHB Jim Jones 0-0: Ball
1-0: Ball
2-0: Called Strike
2-1: Ball
3-1: Fly out, F8 (Line Drive, 8LM)
Batting: RHB Steve Meyers 0-0: Ball
1-0: Foul Ball, location: 2F
1-1: Fly out, F4 (Popup, 4)
Bottom of the 4th over - 0 run(s), 0 hit(s), 0 error(s), 0 left on base; John Jay HS 7 - Spanish Fork HS 1
TOP OF THE 5TH
John Jay HS Patriots batting - Pitching for Spanish Fork HS : RHP Steve Nelson
Batting: SHB Karl Webster 0-0: Ball
1-0: Ball
2-0: Foul Ball, location: 2F
2-1: Ball
3-1: DOUBLE (Flyball, 8RM)
Batting: SHB Theodore Cook 0-0: Ball
1-0: Swinging Strike
1-1: Ball
2-1: SINGLE (Line Drive, 89S)
Karl Webster to third
Batting: RHB Carlos Salas 0-0: Called Strike
Theodore Cook steals 2nd base
0-1: Ball
1-1: Swinging Strike
1-2: Ball
2-2: Strikes out swinging
Batting: RHB Esteban Concepción 0-0: Ball
1-0: Called Strike
1-1: SINGLE (Groundball, 56)
Karl Webster scores
Theodore Cook to third
Runner from 3rd tries for Home, SAFE, no throw or cutoff
Batting: RHB Micheal Banks 0-0: Ball
1-0: Ball
2-0: Ball
3-0: Swinging Strike
3-1: Base on Balls
Esteban Concepción to second
Batting: RHB Marlon Hernández 0-0: Swinging Strike
0-1: Called Strike
0-2: Ball
1-2: Strikes out looking
Batting: RHB Jason Taylor 0-0: Ball
1-0: Ball
2-0: Called Strike
2-1: Called Strike
2-2: Fly out, F9 (Flyball, 9M)
Top of the 5th over - 2 run(s), 3 hit(s), 0 error(s), 2 left on base; John Jay HS 9 - Spanish Fork HS 1
BOTTOM OF THE 5TH
Spanish Fork HS batting - Pitching for John Jay HS Patriots : RHP Dusty Smith
Batting: RHB Ray Hernández 0-0: SINGLE (Flyball, 78M)
Batting: LHB Mal Jiménez 0-0: Ball
1-0: Foul Ball, location: 2F
1-1: Foul Ball, location: 2F
1-2: Strikes out looking
Batting: RHB Mike Holloway 0-0: Foul Ball, location: 2F
0-1: Called Strike
0-2: Foul Ball, location: 2F
0-2: Foul Ball, location: 2F
0-2: Grounds into double play, 4-6-3 (Groundball, 34)
Bottom of the 5th over - 0 run(s), 1 hit(s), 0 error(s), 0 left on base; John Jay HS 9 - Spanish Fork HS 1
TOP OF THE 6TH
John Jay HS Patriots batting - Pitching for Spanish Fork HS : RHP Steve Nelson
Batting: RHB Robert Porter 0-0: Fly out, F3 (Popup, 3F)
Batting: LHB Tim Griffith Single, Error in OF, E9, batter to second base
Batting: SHB Karl Webster 0-0: Ball
1-0: Ball
2-0: Ball
Passed Ball!
Tim Griffith to third
3-0: Called Strike
3-1: Ground out 4-3 (Groundball, 13)
Tim Griffith scores
Batting: SHB Theodore Cook 0-0: Ball
1-0: Ball
2-0: Ball
3-0: Base on Balls
Batting: RHB Carlos Salas 0-0: Called Strike
0-1: Foul Ball, location: 2F
0-2: Ball
1-2: Ball
2-2: Foul Ball, location: 2F
2-2: Strikes out swinging
Top of the 6th over - 1 run(s), 1 hit(s), 1 error(s), 1 left on base; John Jay HS 10 - Spanish Fork HS 1
BOTTOM OF THE 6TH
Spanish Fork HS batting - Pitching for John Jay HS Patriots : RHP Dusty Smith
Batting: RHB Patrick Curtis 0-0: Ball
1-0: Ground out 4-3 (Groundball, 4M)
Batting: RHB Ron Newcombe 0-0: Swinging Strike
0-1: Ball
1-1: Ball
2-1: Called Strike
2-2: Foul Ball, location: 2F
2-2: Foul Ball, location: 2F
2-2: Ball
3-2: Strikes out swinging
Batting: RHB Gary Roberts 0-0: Ball
1-0: Called Strike
1-1: Ball
2-1: Foul Ball, location: 2F
2-2: Ball
3-2: Fly out, F9 (Flyball, 9D)
Bottom of the 6th over - 0 run(s), 0 hit(s), 0 error(s), 0 left on base; John Jay HS 10 - Spanish Fork HS 1
TOP OF THE 7TH
John Jay HS Patriots batting - Pitching for Spanish Fork HS : RHP Steve Nelson
Pitching: RHP Samuel Simmons
Batting: RHB Esteban Concepción 0-0: SOLO HOME RUN (Flyball, 7LD), Distance : 359 ft
Batting: RHB Micheal Banks 0-0: Ball
1-0: SINGLE (Popup, 4MD)
Pinch Hitting: SHB Carl Rivers 0-0: Ball
1-0: Ball
2-0: Called Strike
2-1: Fly out, F9 (Flyball, 89M)
Batting: RHB Jason Taylor 0-0: Ball
1-0: Ball
2-0: Grounds into double play, 1-6-3 (Groundball, 15S)
Top of the 7th over - 1 run(s), 2 hit(s), 0 error(s), 0 left on base; John Jay HS 11 - Spanish Fork HS 1
BOTTOM OF THE 7TH
Spanish Fork HS batting - Pitching for John Jay HS Patriots : RHP Dusty Smith
Now at 3B: Andre Keeler
Batting: RHB Javier Ortíz 0-0: Fly out, F4 (Flyball, 9S)
Batting: RHB Jim Jones 0-0: Called Strike
0-1: Ball
1-1: Ground out 5-3 (Groundball, 56)
Batting: RHB Steve Meyers 0-0: Called Strike
0-1: Ground out 4-3 (Groundball, 4)
Bottom of the 7th over - 0 run(s), 0 hit(s), 0 error(s), 0 left on base; John Jay HS 11 - Spanish Fork HS 1
TOP OF THE 8TH
John Jay HS Patriots batting - Pitching for Spanish Fork HS : RHP Samuel Simmons
Batting: RHB Robert Porter 0-0: Ball
1-0: Ball
2-0: Ball
3-0: Base on Balls
Batting: LHB Tim Griffith 0-0: Foul Ball, location: 2F
0-1: SINGLE (Groundball, 4)
Robert Porter to second
Runner from 2nd tries for 3rd, SAFE, no throw or cutoff
Batting: SHB Karl Webster 0-0: Ball
Tim Griffith steals 2nd base
1-0: Called Strike
Single, Error in OF, E9, batter to second base
Robert Porter scores
Tim Griffith scores
Batting: SHB Theodore Cook 0-0: Ball
1-0: Foul Ball, location: 2F
1-1: Ball
2-1: Foul Ball, location: 2F
2-2: Strikes out looking
Batting: RHB Carlos Salas 0-0: Swinging Strike
0-1: Foul Ball, location: 2F
0-2: SINGLE (Line Drive, 89S)
Karl Webster to third
Batting: RHB Esteban Concepción 0-0: Ball
1-0: Foul Ball, location: 2F
1-1: Foul Ball, location: 2F
1-2: Ball
2-2: Ball
3-2: DOUBLE (Flyball, 78D)
Karl Webster scores
Carlos Salas to third
Runner from 3rd tries for Home, SAFE, no throw or cutoff
Pitching: LHP Tommy MacKay
Batting: RHB Micheal Banks 0-0: Ball
1-0: Ball
2-0: Ball
3-0: Base on Balls
Batting: SHB Andre Keeler 0-0: Ball
1-0: Ball
2-0: Fly out, F9 (Flyball, 9M)
Batting: RHB Jason Taylor 0-0: Ball
1-0: Fly out, F8 (Flyball, 8LM)
Top of the 8th over - 4 run(s), 4 hit(s), 1 error(s), 2 left on base; John Jay HS 15 - Spanish Fork HS 1
BOTTOM OF THE 8TH
Spanish Fork HS batting - Pitching for John Jay HS Patriots : RHP Dusty Smith
Pitching: RHP Paul Horning
Now at C: Henry Catron
Batting: RHB Ray Hernández 0-0: Ball
1-0: Swinging Strike
1-1: Foul Ball, location: 2F
1-2: Ball
2-2: Fly out, F9 (Flyball, 89M)
Batting: LHB Mal Jiménez 0-0: Called Strike
0-1: Fly out, F6 (Popup, 6MD)
Batting: RHB Mike Holloway 0-0: Ball
1-0: Fly out, F9 (Flyball, 89S)
Bottom of the 8th over - 0 run(s), 0 hit(s), 0 error(s), 0 left on base; John Jay HS 15 - Spanish Fork HS 1
TOP OF THE 9TH
John Jay HS Patriots batting - Pitching for Spanish Fork HS : LHP Tommy MacKay
Batting: RHB Robert Porter 0-0: Swinging Strike
0-1: SINGLE (Groundball, 34S)
Batting: LHB Tim Griffith 0-0: Foul Ball, location: 2F
0-1: Swinging Strike
0-2: Ball
Wild Pitch!
Robert Porter to second
1-2: Ball
2-2: Ball
3-2: Ground out 3-1 (Groundball, 34)
Robert Porter to third
Batting: SHB Karl Webster 0-0: 2-RUN HOME RUN (Flyball, 78XD), Distance : 389 ft
Batting: SHB Theodore Cook 0-0: Swinging Strike
0-1: Ground out 5-3 (Groundball, 56S)
Batting: RHB Carlos Salas 0-0: Called Strike
0-1: SINGLE (Groundball, 4D)
Batting: RHB Esteban Concepción 0-0: Ball
Carlos Salas steals 2nd base
1-0: Called Strike
1-1: Ball
2-1: Swinging Strike
2-2: SINGLE (Groundball, 6)
Carlos Salas to third
Runner from 3rd tries for Home, SAFE, no throw or cutoff
Batting: RHB Micheal Banks 0-0: Called Strike
0-1: Ball
1-1: Foul Ball, location: 2F
1-2: Strikes out looking
Top of the 9th over - 3 run(s), 4 hit(s), 0 error(s), 1 left on base; John Jay HS 18 - Spanish Fork HS 1
BOTTOM OF THE 9TH
Spanish Fork HS batting - Pitching for John Jay HS Patriots : RHP Paul Horning
Batting: RHB Patrick Curtis 0-0: Called Strike
0-1: Ball
1-1: Foul Ball, location: 2F
1-2: Ball
2-2: Strikes out swinging
Batting: RHB Ron Newcombe 0-0: Ball
1-0: Ball
2-0: SOLO HOME RUN (Flyball, 78XD), Distance : 403 ft
Pitching: RHP Rafael Zarate
Batting: RHB Gary Roberts 0-0: Ball
1-0: Called Strike
1-1: Ball
2-1: Ball
3-1: Foul Ball, location: 2F
3-2: Foul Ball, location: 2F
3-2: Ground out 4-3 (Groundball, 4)
Batting: RHB Javier Ortíz 0-0: Ball
1-0: Ball
2-0: Ball
3-0: Base on Balls
Batting: RHB Jim Jones 0-0: Ball
1-0: Foul Ball, location: 2F
1-1: Swinging Strike
1-2: Strikes out looking
Bottom of the 9th over - 1 run(s), 1 hit(s), 0 error(s), 1 left on base; John Jay HS 18 - Spanish Fork HS 2
This league is powered by Out of the Park Baseball, the baseball management simulation game for PC, Mac and Linux
Saturday, April 9th, 2016 - OOTP Baseball 16.8 Build 38